 Dungeon Crawl Stone Soup version 0.20-a0-303-g575bbf7 (webtiles) character file.

137 qqqbard the Twirler (level 5, -8/45 HPs)
             Began as a Minotaur Gladiator on Dec 16, 2016.
             Killed by nerve-wracking pain
             ... invoked by an orc priest
              (13 damage)
             ... on level 3 of the Dungeon.
             The game lasted 00:02:47 (1471 turns).

qqqbard the Twirler (Minotaur Gladiator)            Turns: 1471, Time: 00:02:49

Health: -8/45      AC:  8    Str: 21    XL:     5   Next: 0%
Magic:  4/4        EV:  9    Int:  5    God:
Gold:   79         SH:  0    Dex: 10    Spells: 4/4 levels left

rFire  . . .     SeeInvis +     a - +0 quarterstaff
rCold  . . .     Gourm    .     e - +0 chain mail
rNeg   . . .     Faith    .     (shield currently unavailable)
rPois  .         Spirit   .     c - +0 hat
rElec  .         Reflect  .     (no cloak)
rCorr  .         Harm     .     (no gloves)
MR     .....                    (no boots)
Stlth  ..........               (no amulet)
                                o - ring of flight
                                m - ring of see invisible

@: no status effects
A: retaliatory headbutt, horns 2
a: Evoke Flight


You were on level 3 of the Dungeon.
You were not hungry.

You visited 1 branch of the dungeon, and saw 3 of its levels.

You collected 79 gold pieces.

Inventory:

Hand Weapons
 a - a +0 quarterstaff (weapon)
Missiles
 d - 4 throwing nets (quivered)
Armour
 c - a +0 hat (worn)
 e - a +0 chain mail (worn)
Jewellery
 m - a ring of see invisible (left hand)
 o - a ring of flight (right hand)
Wands
 p - a wand of confusion (18/48)
Scrolls
 h - 3 scrolls of identify {unknown}
 j - 2 scrolls of blinking {unknown}
 k - a scroll of teleportation {unknown}
 l - a scroll of magic mapping {unknown}
Potions
 b - a potion of might {unknown}
 q - a potion of flight {unknown}
Comestibles
 f - 2 bread rations
 g - 5 chunks of flesh
 i - a meat ration
 n - a beef jerky


   Skills:
 + Level 3.3 Fighting
 * Level 5.2 Staves
 - Level 2.0 Throwing
 + Level 2.1 Armour
 + Level 4.1 Dodging


You had 4 spell levels left.
You didn't know any spells.

Dungeon Overview and Level Annotations

Branches:
Dungeon (3/15)

Altars:
Sif Muna


Innate Abilities, Weirdness & Mutations

You reflexively headbutt those who attack you in melee.
You have a pair of horns on your head.


Message History

The orc wizard gestures at you while chanting.
The puff of frost hits you!
You closely miss the orc wizard. You headbutt the orc wizard.
You kill the orc wizard!
You have reached level 5!
The orc hits you but does no damage.
The orc priest invokes the aid of Beogh against you.
Beogh smites you!
* * * LOW HITPOINT WARNING * * *
You are too injured to fight recklessly!
Unknown command.
The orc hits you but does no damage.
The orc priest hits you but does no damage.
You thump the orc priest! Your headbutt misses the orc priest.
The orc priest is almost dead.
The orc hits you but does no damage. The adder closely misses you.
You furiously retaliate!
You headbutt the adder!
The orc priest invokes the aid of Beogh against you.
Pain shoots through your body!
You die...

#.# #.## #.# .#
#..# #.# ..#
##.####.###...
#...##.......
###.##.......
#)##..... ..
###..#..###....
#......@S..##
#......oo...#
#......).....#
##...........#
#....<......#
##.........##
##...#...##
#########


You could see an orc priest, an adder and an orc.

Vanquished Creatures
  An orc wizard (D:3)
  A worker ant (D:3)
  2 adders (D:3)
  A gnoll (D:1)
  An ooze (D:2)
  A worm (D:2)
  3 dart slugs
  An orc (D:3)
  A giant cockroach (D:2)
  6 goblins
  8 hobgoblins
  4 kobolds
  8 bats
  5 frilled lizards
  4 rats
47 creatures vanquished.

Notes
Turn   | Place    | Note
-------+----------+-------------------------------------------
     0 | D:1      | qqqbard the Minotaur Gladiator began the quest for the Orb.
     0 | D:1      | Reached XP level 1. HP: 18/18 MP: 0/0
   354 | D:1      | Reached XP level 2. HP: 25/25 MP: 1/1
   399 | D:1      | Reached skill level 4 in Staves
   564 | D:1      | Reached skill level 1 in Armour
   757 | D:2      | Reached XP level 3. HP: 29/30 MP: 2/2
  1246 | D:2      | Found a deep blue altar of Sif Muna.
  1421 | D:3      | Reached XP level 4. HP: 27/37 MP: 3/3
  1460 | D:3      | Reached skill level 5 in Staves
  1469 | D:3      | Reached XP level 5. HP: 16/45 MP: 4/4
  1471 | D:3      | Killed from afar by an orc priest

Vault maps used:
D:1:      erik_arrival_triangle_huge
D:2:      lemuel_blue_sif_altar, minmay_tromino_i4
D:3:      uniq_terence

Skill      XL: |  1  2  3  4 |
---------------+-------------+-----
Staves         | 4 5 |  5.2
Armour         | 1 2 |  2.1
Dodging        | 4 |  4.1
Fighting       | 3 |  3.3
Throwing       | |  2.0

Action                   |  1- 3 |  4- 6 || total
-------------------------+-------+-------++-------
Melee: Quarterstaff      |    72 |    19 ||    91
       Headbutt          |    13 |     5 ||    18
  Eat: Chunk             |     2 |       ||     2
Armor: Chain mail        |    50 |    12 ||    62
Dodge: Dodged            |    44 |     9 ||    53
